Rafales vs Staline
(R1)
Created - December 30, 2017 at 19:22
Goals
|
| Rafales |
1 |
3 |
1 |
5 |
| Staline |
1 |
0 |
3 |
4 |
|
Shots
|
| Rafales |
9 |
13 |
9 |
31 |
| Staline |
8 |
10 |
17 |
35 |
|
1st period
1. Staline , David Desharnais 18 (Jordan Caron 12, Dustin Kohn 31) at 2:31
2. Rafales , Tim Crowder 4 (Nathan Davis 16) at 10:02
Penalties :
Tim Crowder (Stf) for Roughing (Minor) at 4:48, Lars Eller (StJ) for Delaying the game (Minor) at 12:31, Andrey Pedan (StJ) for Hooking (Minor) at 17:53
2nd period
3. Rafales , Tim Crowder 5 (Brock Nelson 13, Nathan Davis 17) at 0:33
4. Rafales , Petr Kalus 1 (Mark Fayne 18) at 12:52
5. Rafales , Mike Zigomanis 9 (Milan Bartovic 4, Cody McLeod 24) at 19:49 (PP)
Penalties :
Bryan Bickell (StJ) for Hooking (Minor) at 1:45, Andrey Pedan (StJ) for Holding (Minor) at 5:07, Dustin Kohn (StJ) for Hooking (Minor) at 14:42, Dustin Kohn (StJ) for High sticking (Minor) at 19:35
3rd period
6. Staline , David Desharnais 19 (James Sheppard 10, Jordan Caron 13) at 1:10
7. Staline , Dustin Kohn 3 (Danny Kristo 4, Marek Zagrapan 7) at 11:46
8. Rafales , Milan Bartovic 2 (Connor Murphy 5, Mark Fayne 19) at 12:20
9. Staline , Tyler Pitlick 11 (Viktor Loov 4, Philip Larsen 9) at 14:53
Penalties :
Milan Bartovic (Stf) for Goalie Interference (Minor) at 1:15, David Desharnais (StJ) for Hooking (Minor) at 6:03, Viktor Loov (StJ) for Slashing (Minor) at 16:07, Dustin Kohn (StJ) for Hooking (Minor) at 19:25
Goalie Stats
Philipp Grubauer (Stf), 31 saves from 35 shots - (0.886), W, 1-1-1, 60:00 minutes
Allen York (StJ), 26 saves from 31 shots - (0.839), L, 15-5-3, 59:48 minutes
Players Stats for Rafales
Player Name G A P +/- PIM S H SB GA TA FO MP PP MP PK MP
------------------------------------------------------------------------------------
Akim Aliu 0 0 0 0 0 1 0 0 0 0 1/1 7:19 0:00 0:00
Brock Nelson 0 1 1 1 0 0 1 1 1 0 1/1 16:57 6:25 1:08
Carl Klingberg 0 0 0 0 0 4 0 0 0 0 0/0 9:01 0:14 1:06
Cody McLeod 0 1 1 -1 0 4 1 0 0 0 1/1 23:32 8:02 1:58
Connor Murphy 0 1 1 2 0 2 0 1 0 1 0/0 19:49 5:36 1:44
Dylan McIlrath 0 0 0 0 0 0 0 1 0 1 0/0 11:11 0:00 0:00
James Marcou 0 0 0 0 0 2 2 1 0 0 1/2 11:09 0:08 0:00
Kevin Veilleux 0 0 0 0 0 1 1 0 1 0 4/7 10:44 0:00 0:00
Marc-André Gragnani 0 0 0 -2 0 2 0 1 1 0 0/0 29:00 9:05 2:14
Mark Fayne 0 2 2 2 0 0 1 3 0 0 0/0 19:49 5:36 1:44
Matt Gilroy 0 0 0 -2 0 0 1 0 0 3 0/0 29:00 9:05 2:14
Michael Bournival 0 0 0 0 0 0 1 0 3 0 1/1 11:00 0:00 0:13
Mike Zigomanis 1 0 1 -1 0 8 1 0 0 0 25/37 22:46 8:08 1:57
Milan Bartovic 1 1 2 -1 2 3 1 0 0 0 3/3 22:24 8:08 0:41
Nathan Davis 0 2 2 1 0 0 2 0 1 0 2/6 16:48 6:25 0:53
Petr Kalus 1 0 1 0 0 2 0 0 0 0 0/2 8:30 0:08 0:00
Slater Koekkoek 0 0 0 0 0 0 0 1 0 0 0/0 11:11 0:00 0:00
Tim Crowder 2 0 2 1 2 2 1 0 0 0 0/0 15:50 6:25 0:00
Players Stats for Staline
Player Name G A P +/- PIM S H SB GA TA FO MP PP MP PK MP
------------------------------------------------------------------------------------
Andrey Pedan 0 0 0 1 4 1 1 2 0 0 0/0 12:46 0:00 2:47
Barclay Goodrow 0 0 0 -1 0 0 0 0 0 0 0/0 7:05 0:23 0:00
Brandon Burlon 0 0 0 -2 0 0 1 3 0 0 0/0 25:44 2:12 8:43
Bryan Bickell 0 0 0 1 2 1 1 0 0 1 0/0 10:21 0:00 2:03
Charles Hudon 0 0 0 0 0 0 0 0 0 0 0/0 0:32 0:24 0:00
Corey Trivino 0 0 0 -1 0 0 0 0 1 0 0/0 6:34 0:00 0:00
Danny Kristo 0 1 1 1 0 4 0 1 0 0 0/0 8:13 0:00 0:00
David Desharnais 2 0 2 0 2 2 2 1 2 0 5/10 20:13 1:51 7:12
Dustin Kohn 1 1 2 -2 6 6 2 3 1 0 0/0 26:23 2:12 6:29
James Sheppard 0 1 1 0 0 0 2 0 0 0 0/1 12:52 1:51 0:00
Jeff Skinner 0 0 0 0 0 1 0 0 1 1 1/2 16:40 1:43 0:19
Jiri Sekac 0 0 0 -1 0 1 0 0 0 0 0/0 6:34 0:00 0:00
Jordan Caron 0 2 2 0 0 1 2 1 0 1 0/0 17:15 1:51 4:14
Lars Eller 0 0 0 0 2 3 1 2 0 0 10/34 23:28 1:43 6:56
Marek Zagrapan 0 1 1 1 0 1 1 0 0 0 5/11 12:04 0:00 3:22
Mike Reilly 0 0 0 1 0 3 1 0 0 1 0/0 9:29 0:00 0:00
Nikita Nesterov 0 0 0 0 0 0 1 0 0 0 0/0 3:39 0:00 0:39
Peter Holland 0 0 0 0 0 1 0 0 0 0 1/1 2:11 0:27 1:02
Philip Larsen 0 1 1 1 0 5 0 1 0 2 0/0 21:49 1:46 5:58
Tyler Pitlick 1 0 1 0 0 2 5 1 0 1 0/2 20:42 1:41 4:14
Viktor Loov 0 1 1 1 2 3 1 1 0 0 0/0 20:36 1:46 4:46
3 Stars
1 - Tim Crowder (Stf)
2 - David Desharnais (StJ)
3 - Mark Fayne (Stf)
Power Play
Rafales - 1 on 9 Attempt(s) - 11.11%
Staline - 0 on 2 Attempt(s) - 0.00%
Penalty Kill
Rafales - 2 on 2 Attempt(s) - 100.00%
- Score 0 goal in Penalty Kill
Staline - 8 on 9 Attempt(s) - 88.89%
- Score 0 goal in Penalty Kill
Team Stat
Rafales - Hits : 13 - Faceoff Wins : 39 - Blocked Shots : 9 - Penalty Minutes : 4
Staline - Hits : 21 - Faceoff Wins : 22 - Blocked Shots : 16 - Penalty Minutes : 18
Official
Referees : Joannette Marc and LaRue Dennis
Linesman : Mark Wheler and Thor Nelson
Game Notes
No Game Note
Finance
Level 1 -- Attendance: 1616 (80.80%) -- Ticket Income $64,640
Level 2 -- Attendance: 741 (74.10%) -- Ticket Income $14,820
Total Attendance: 2357 (78.57%)
Total Ticket Income: $79,460
Other Income: $3,973
Total Income: $83,433
Rafales
5 vs 5 Forward
Center Left Wing Right Wing Time % Phy DF OF
1 Mike Zigomanis Cody McLeod Milan Bartovic 40 0 1 4
2 Nathan Davis Brock Nelson Tim Crowder 30 0 1 4
3 Kevin Veilleux Michael Bournival James Marcou 20 0 1 4
4 Petr Kalus Carl Klingberg Akim Aliu 10 0 2 3
5 vs 5 Defense
Defense Defense Time % Phy DF OF
1 Matt Gilroy Marc-André Gragnani 40 0 4 1
2 Mark Fayne Connor Murphy 30 0 4 1
3 Dylan McIlrath Slater Koekkoek 20 0 4 1
4 Matt Gilroy Marc-André Gragnani 10 0 4 1
PowerPlay Forward
Center Left Wing Right Wing Time % Phy DF OF
1 Mike Zigomanis Cody McLeod Milan Bartovic 60 0 0 5
2 Nathan Davis Brock Nelson Tim Crowder 40 0 0 5
PowerPlay Defense
Defense Defense Time % Phy DF OF
1 Matt Gilroy Marc-André Gragnani 60 0 2 3
2 Mark Fayne Connor Murphy 40 0 2 3
Penalty Kill 4 Players Forward
Center Wing Time % Phy DF OF
1 Mike Zigomanis Cody McLeod 60 0 4 1
2 Brock Nelson Milan Bartovic 40 0 4 1
Penalty Kill 4 Players Defense
Defense Defense Time % Phy DF OF
1 Matt Gilroy Marc-André Gragnani 60 0 5 0
2 Mark Fayne Connor Murphy 40 0 5 0
Penalty Kill - 3 Players Forward
Forward Time % Phy DF OF
1 Mike Zigomanis 60 0 5 0
2 Cody McLeod 40 0 5 0
Penalty Kill - 3 Players Defense
Defense Defense Time % Phy DF OF
1 Matt Gilroy Marc-André Gragnani 60 0 5 0
2 Mark Fayne Connor Murphy 40 0 5 0
4 vs 4 Forward
Center Wing Time % Phy DF OF
1 Mike Zigomanis Cody McLeod 60 0 2 3
2 Brock Nelson Milan Bartovic 40 0 2 3
4 vs 4 Defense
Defense Defense Time % Phy DF OF
1 Matt Gilroy Marc-André Gragnani 60 0 4 1
2 Mark Fayne Connor Murphy 40 0 4 1
Last Minutes Offensive
Center Left Wing Right Wing Defense Defense
Mike Zigomanis Cody McLeod Milan Bartovic Matt Gilroy Marc-André Gragnani
Last Minutes Defensive
Center Left Wing Right Wing Defense Defense
Mike Zigomanis Cody McLeod Milan Bartovic Matt Gilroy Marc-André Gragnani
Goaltenders
Starting : Philipp Grubauer
Backup : Leland Irving
Extra Forwards
Normal : Mike Zigomanis, Cody McLeod, Michael Bournival - PP : Mike Zigomanis, Cody McLeod - PK : Milan Bartovic
Extra Defensemen
Normal : Dylan McIlrath, Slater Koekkoek, Mark Fayne - PP : Dylan McIlrath - PK : Slater Koekkoek, Mark Fayne
Penalty Shots
Mike Zigomanis, Cody McLeod, Brock Nelson, Milan Bartovic, Nathan Davis
Scratches
Ben Sexton (Healthy), Cedric Paquette (Healthy), Brian Ferlin (Healthy), Ryan Bourque (Healthy), Ben Johnson (Healthy)
Nicklas Jensen (Healthy), Jayson Megna (Healthy), Brad Ross (Healthy), Ben Thomson (Healthy), Julian Melchiori (Healthy)
David Broll (Healthy), Stefan Chaput (Healthy), Dennis Persson (Healthy), Chris Terry (Healthy), Maksim Mayorov (Healthy)
Chris Driedger (Healthy)
Staline
5 vs 5 Forward
Center Left Wing Right Wing Time % Phy DF OF
1 Lars Eller Jeff Skinner Tyler Pitlick 40 1 2 2
2 David Desharnais James Sheppard Jordan Caron 30 1 2 2
3 Marek Zagrapan Bryan Bickell Danny Kristo 20 1 2 2
4 Corey Trivino Jiri Sekac Barclay Goodrow 10 1 2 2
5 vs 5 Defense
Defense Defense Time % Phy DF OF
1 Dustin Kohn Brandon Burlon 40 1 2 2
2 Philip Larsen Viktor Loov 30 1 2 2
3 Mike Reilly Andrey Pedan 20 1 2 2
4 Nikita Nesterov Dustin Kohn 10 1 2 2
PowerPlay Forward
Center Left Wing Right Wing Time % Phy DF OF
1 Lars Eller Jeff Skinner Tyler Pitlick 60 1 2 2
2 David Desharnais James Sheppard Jordan Caron 40 1 2 2
PowerPlay Defense
Defense Defense Time % Phy DF OF
1 Dustin Kohn Brandon Burlon 60 1 2 2
2 Philip Larsen Viktor Loov 40 1 2 2
Penalty Kill 4 Players Forward
Center Wing Time % Phy DF OF
1 Lars Eller David Desharnais 60 1 2 2
2 Tyler Pitlick Jordan Caron 40 1 2 2
Penalty Kill 4 Players Defense
Defense Defense Time % Phy DF OF
1 Dustin Kohn Brandon Burlon 60 1 2 2
2 Philip Larsen Viktor Loov 40 1 2 2
Penalty Kill - 3 Players Forward
Forward Time % Phy DF OF
1 Lars Eller 60 1 2 2
2 David Desharnais 40 1 2 2
Penalty Kill - 3 Players Defense
Defense Defense Time % Phy DF OF
1 Dustin Kohn Brandon Burlon 60 1 2 2
2 Philip Larsen Viktor Loov 40 1 2 2
4 vs 4 Forward
Center Wing Time % Phy DF OF
1 Lars Eller David Desharnais 60 1 2 2
2 Tyler Pitlick Jordan Caron 40 1 2 2
4 vs 4 Defense
Defense Defense Time % Phy DF OF
1 Dustin Kohn Brandon Burlon 60 1 2 2
2 Philip Larsen Viktor Loov 40 1 2 2
Last Minutes Offensive
Center Left Wing Right Wing Defense Defense
Lars Eller Jeff Skinner Tyler Pitlick Dustin Kohn Brandon Burlon
Last Minutes Defensive
Center Left Wing Right Wing Defense Defense
Lars Eller Jeff Skinner Tyler Pitlick Dustin Kohn Brandon Burlon
Goaltenders
Starting : Allen York
Backup : Darcy Kuemper
Extra Forwards
Normal : Peter Holland, Charles Hudon, Marek Zagrapan - PP : Peter Holland, Charles Hudon - PK : Marek Zagrapan
Extra Defensemen
Normal : Mike Reilly, Andrey Pedan, Nikita Nesterov - PP : Mike Reilly - PK : Andrey Pedan, Nikita Nesterov
Penalty Shots
Lars Eller, David Desharnais, Tyler Pitlick, Jordan Caron, Jeff Skinner
Scratches
David Musil (Left Foot Injury), Joni Ortio (Healthy), Sean Maguire (Healthy)
% Time on Ice - Rafales
Lines # - Real PCT - Wanted PCT - Time Play
Normal Forward
1 - 32% - 40% - 13:05
2 - 23% - 30% - 9:32
3 - 26% - 20% - 10:44
4 - 18% - 10% - 7:19
Normal Defense
1 - 41% - 40% - 16:38
2 - 31% - 30% - 12:29
3 - 28% - 20% - 11:11
4 - 1% - 10% - 0:22
PP Forward
1 - 56% - 60% - 8:16
2 - 44% - 40% - 6:25
PP Defense
1 - 62% - 60% - 9:05
2 - 38% - 40% - 5:36
PK Forward
1 - 71% - 60% - 2:50
2 - 29% - 40% - 1:08
PK Defense
1 - 56% - 60% - 2:14
2 - 44% - 40% - 1:44
PK3 Forward
1 - 0% - 60%
2 - 0% - 40%
PK3 Defense
1 - 0% - 60%
2 - 0% - 40%
44 Forward
1 - 0% - 60%
2 - 0% - 40%
44 Defense
1 - 0% - 60%
2 - 0% - 40%
Last Minute Offensive - 0:00
Last Minute Defensive - 0:41
Total
Forward - 60:00
Defense - 60:00
|
% Time on Ice - Staline
Lines # - Real PCT - Wanted PCT - Time Play
Normal Forward
1 - 36% - 40% - 14:50
2 - 27% - 30% - 11:10
3 - 20% - 20% - 8:13
4 - 16% - 10% - 6:34
Normal Defense
1 - 36% - 40% - 14:40
2 - 35% - 30% - 14:05
3 - 23% - 20% - 9:29
4 - 6% - 10% - 2:33
PP Forward
1 - 53% - 60% - 2:07
2 - 47% - 40% - 1:51
PP Defense
1 - 55% - 60% - 2:12
2 - 45% - 40% - 1:46
PK Forward
1 - 71% - 60% - 10:27
2 - 29% - 40% - 4:14
PK Defense
1 - 59% - 60% - 8:43
2 - 41% - 40% - 5:58
PK3 Forward
1 - 0% - 60%
2 - 0% - 40%
PK3 Defense
1 - 0% - 60%
2 - 0% - 40%
44 Forward
1 - 0% - 60%
2 - 0% - 40%
44 Defense
1 - 0% - 60%
2 - 0% - 40%
Last Minute Offensive - 0:34
Last Minute Defensive - 0:00
Total
Forward - 60:00
Defense - 60:00
|
Play by Play
1st period
0:01 of 1st period - Lars Eller wins face-off versus Mike Zigomanis in neutral zone.
0:33 of 1st period - Slapshot by Dustin Kohn.
0:33 of 1st period - Stopped by Philipp Grubauer without a rebound.
0:34 of 1st period - Marek Zagrapan wins face-off versus James Marcou in Rafales zone.
0:37 of 1st period - Snap shot by Danny Kristo.
0:37 of 1st period - Stopped by Philipp Grubauer with a rebound.
0:39 of 1st period - Slapshot by Viktor Loov.
0:39 of 1st period - Shot Misses the Net.
0:41 of 1st period - Snap shot by Philip Larsen.
0:41 of 1st period - Shot Misses the Net.
0:43 of 1st period - Slapshot by Philip Larsen.
0:43 of 1st period - Deflect By Mark Fayne.
0:43 of 1st period - Stopped by Philipp Grubauer with a rebound.
1:23 of 1st period - Snap shot by Cody McLeod.
1:23 of 1st period - Stopped by Allen York without a rebound.
1:24 of 1st period - David Desharnais wins face-off versus Mike Zigomanis in Staline zone.
1:33 of 1st period - Milan Bartovic is hit by Mike Reilly and loses puck.
1:40 of 1st period - Wrist shot by David Desharnais.
1:40 of 1st period - Shot Misses the Net.
1:42 of 1st period - Slapshot by James Sheppard.
1:42 of 1st period - Shot Misses the Net.
2:31 of 1st period - Wrist shot by David Desharnais.
2:31 of 1st period - Goal by David Desharnais - Rafales : 0 - Staline : 1.
2:32 of 1st period - Lars Eller wins face-off versus Nathan Davis in neutral zone.
3:17 of 1st period - Icing by Dustin Kohn.
3:18 of 1st period - Marek Zagrapan wins face-off versus Petr Kalus in Staline zone.
3:45 of 1st period - Slapshot by Jiri Sekac.
3:45 of 1st period - Shot Blocked by Mark Fayne.
3:47 of 1st period - Slapshot by Philip Larsen.
3:47 of 1st period - Stopped by Philipp Grubauer without a rebound.
3:48 of 1st period - Lars Eller wins face-off versus Nathan Davis in Rafales zone.
3:51 of 1st period - Snap shot by Jeff Skinner.
3:51 of 1st period - Deflect By Lars Eller.
3:51 of 1st period - Shot Misses the Net.
3:51 of 1st period - Puck is out of play.
3:52 of 1st period - Nathan Davis wins face-off versus Lars Eller in Rafales zone.
3:58 of 1st period - Off-side.
3:59 of 1st period - Nathan Davis wins face-off versus Lars Eller in neutral zone.
4:23 of 1st period - Slapshot by Brock Nelson.
4:23 of 1st period - Shot Blocked by Lars Eller.
4:29 of 1st period - Snap shot by Nathan Davis.
4:29 of 1st period - Shot Misses the Net.
4:48 of 1st period - Minor Penalty to Tim Crowder for Roughing.
4:49 of 1st period - David Desharnais wins face-off versus Mike Zigomanis in Rafales zone.
6:48 of 1st period - Penalty to Tim Crowder is over, Tim Crowder is back on ice.
7:19 of 1st period - Slapshot by Jiri Sekac.
7:19 of 1st period - Stopped by Philipp Grubauer with a rebound.
7:21 of 1st period - Slapshot by Brandon Burlon.
7:21 of 1st period - Shot Blocked by Slater Koekkoek.
8:09 of 1st period - Slapshot by Marc-André Gragnani.
8:09 of 1st period - Stopped by Allen York without a rebound.
8:10 of 1st period - David Desharnais wins face-off versus Kevin Veilleux in Staline zone.
8:32 of 1st period - Icing by Jordan Caron.
8:33 of 1st period - Mike Zigomanis wins face-off versus David Desharnais in Staline zone.
9:08 of 1st period - Wrist shot by Kevin Veilleux.
9:08 of 1st period - Stopped by Allen York without a rebound.
9:09 of 1st period - James Marcou wins face-off versus Lars Eller in Staline zone.
9:16 of 1st period - Snap shot by James Marcou.
9:16 of 1st period - Stopped by Allen York with a rebound.
9:18 of 1st period - Snap shot by Michael Bournival.
9:18 of 1st period - Shot Blocked by Tyler Pitlick.
9:24 of 1st period - Snap shot by Michael Bournival.
9:24 of 1st period - Shot Misses the Net.
9:57 of 1st period - Dustin Kohn is hit by Nathan Davis and loses puck.
10:02 of 1st period - Backhand shot by Tim Crowder.
10:02 of 1st period - Goal by Tim Crowder - Rafales : 1 - Staline : 1.
10:03 of 1st period - Milan Bartovic wins face-off versus Tyler Pitlick in neutral zone.
10:10 of 1st period - Snap shot by Cody McLeod.
10:10 of 1st period - Shot Misses the Net.
10:50 of 1st period - Michael Bournival is hit by Marek Zagrapan.
11:29 of 1st period - Carl Klingberg is hit by Tyler Pitlick and loses puck.
11:34 of 1st period - Wrist shot by Lars Eller.
11:34 of 1st period - Stopped by Philipp Grubauer without a rebound.
11:35 of 1st period - Mike Zigomanis wins face-off versus Lars Eller in Rafales zone.
12:14 of 1st period - Icing by Tim Crowder.
12:15 of 1st period - Jeff Skinner wins face-off versus Nathan Davis in Rafales zone.
12:26 of 1st period - Snap shot by Jeff Skinner.
12:26 of 1st period - Deflect By Lars Eller.
12:26 of 1st period - Shot Hit the Post.
12:26 of 1st period - Puck is out of play.
12:27 of 1st period - Mike Zigomanis wins face-off versus Lars Eller in Rafales zone.
12:31 of 1st period - Minor Penalty to Lars Eller for Delaying the game.
12:32 of 1st period - Mike Zigomanis wins face-off versus Marek Zagrapan in Staline zone.
12:34 of 1st period - Snap shot by Cody McLeod.
12:34 of 1st period - Shot Blocked by Brandon Burlon.
12:36 of 1st period - Snap shot by Cody McLeod.
12:36 of 1st period - Shot Blocked by Brandon Burlon.
12:38 of 1st period - Slapshot by Marc-André Gragnani.
12:38 of 1st period - Deflect By Cody McLeod.
12:38 of 1st period - Shot Misses the Net.
12:38 of 1st period - Puck is out of play.
12:39 of 1st period - Mike Zigomanis wins face-off versus Marek Zagrapan in Staline zone.
12:42 of 1st period - Snap shot by Milan Bartovic.
12:42 of 1st period - Shot Blocked by Brandon Burlon.
12:44 of 1st period - Slapshot by Marc-André Gragnani.
12:44 of 1st period - Shot Hit the Post.
12:52 of 1st period - Wrist shot by Cody McLeod.
12:52 of 1st period - Stopped by Allen York without a rebound.
12:53 of 1st period - Marek Zagrapan wins face-off versus Mike Zigomanis in Staline zone.
14:31 of 1st period - Penalty to Lars Eller is over, Lars Eller is back on ice.
14:31 of 1st period - Milan Bartovic is hit by Lars Eller and loses puck.
16:05 of 1st period - Mark Fayne is hit by Dustin Kohn and loses puck.
16:21 of 1st period - Matt Gilroy is hit by Nikita Nesterov and loses puck.
17:13 of 1st period - Michael Bournival is hit by Tyler Pitlick and loses puck.
17:28 of 1st period - Snap shot by Carl Klingberg.
17:28 of 1st period - Stopped by Allen York with a rebound.
17:30 of 1st period - Slapshot by Carl Klingberg.
17:30 of 1st period - Shot Blocked by Philip Larsen.
17:32 of 1st period - Slapshot by Akim Aliu.
17:32 of 1st period - Stopped by Allen York without a rebound.
17:33 of 1st period - Akim Aliu wins face-off versus Marek Zagrapan in Staline zone.
17:34 of 1st period - Snap shot by Carl Klingberg.
17:34 of 1st period - Stopped by Allen York with a rebound.
17:42 of 1st period - Slapshot by Marc-André Gragnani.
17:42 of 1st period - Shot Blocked by Danny Kristo.
17:53 of 1st period - Minor Penalty to Andrey Pedan for Hooking.
17:54 of 1st period - Milan Bartovic wins face-off versus Lars Eller in Staline zone.
19:28 of 1st period - Slapshot by Bryan Bickell.
19:28 of 1st period - Stopped by Philipp Grubauer with a rebound.
19:53 of 1st period - Penalty to Andrey Pedan is over, Andrey Pedan is back on ice.
Goals for this period are 1 for Rafales vs 1 for Staline.
Shots for this period are 9 for Rafales vs 8 for Staline.
2nd period
0:01 of 2nd period - Lars Eller wins face-off versus Mike Zigomanis in neutral zone.
0:16 of 2nd period - Snap shot by Tyler Pitlick.
0:16 of 2nd period - Stopped by Philipp Grubauer with a rebound.
0:26 of 2nd period - James Sheppard is hit by Matt Gilroy and loses puck.
0:31 of 2nd period - Slapshot by Brock Nelson.
0:31 of 2nd period - Shot Misses the Net.
0:33 of 2nd period - Snap shot by Tim Crowder.
0:33 of 2nd period - Goal by Tim Crowder - Rafales : 2 - Staline : 1.
0:34 of 2nd period - Lars Eller wins face-off versus Mike Zigomanis in neutral zone.
0:59 of 2nd period - Brock Nelson is hit by James Sheppard and loses puck.
1:39 of 2nd period - Marc-André Gragnani is hit by Viktor Loov and loses puck.
1:45 of 2nd period - Minor Penalty to Bryan Bickell for Hooking.
1:46 of 2nd period - Mike Zigomanis wins face-off versus Lars Eller in Staline zone.
2:12 of 2nd period - Connor Murphy is hit by Dustin Kohn and loses puck.
2:21 of 2nd period - Jordan Caron is hit by Brock Nelson and loses puck.
3:45 of 2nd period - Penalty to Bryan Bickell is over, Bryan Bickell is back on ice.
4:17 of 2nd period - Connor Murphy is hit by Andrey Pedan and loses puck.
4:24 of 2nd period - Wrist shot by Bryan Bickell.
4:24 of 2nd period - Shot Blocked by Mark Fayne.
4:47 of 2nd period - Mike Zigomanis is hit by Jordan Caron and loses puck.
5:07 of 2nd period - Minor Penalty to Andrey Pedan for Holding.
5:08 of 2nd period - Mike Zigomanis wins face-off versus Lars Eller in Staline zone.
7:07 of 2nd period - Penalty to Andrey Pedan is over, Andrey Pedan is back on ice.
7:18 of 2nd period - Andrey Pedan is hit by James Marcou and loses puck.
7:44 of 2nd period - Wrist shot by Danny Kristo.
7:44 of 2nd period - Shot Blocked by Dylan McIlrath.
7:46 of 2nd period - Slapshot by Andrey Pedan.
7:46 of 2nd period - Deflect By Marek Zagrapan.
7:46 of 2nd period - Stopped by Philipp Grubauer without a rebound.
7:47 of 2nd period - Kevin Veilleux wins face-off versus Lars Eller in Rafales zone.
7:56 of 2nd period - Slapshot by Dustin Kohn.
7:56 of 2nd period - Stopped by Philipp Grubauer with a rebound.
8:02 of 2nd period - Dustin Kohn is hit by Michael Bournival and loses puck.
9:03 of 2nd period - Wrist shot by Brock Nelson.
9:03 of 2nd period - Shot Misses the Net.
9:23 of 2nd period - Snap shot by Jordan Caron.
9:23 of 2nd period - Stopped by Philipp Grubauer with a rebound.
9:25 of 2nd period - Slapshot by Andrey Pedan.
9:25 of 2nd period - Deflect By Tim Crowder.
9:25 of 2nd period - Stopped by Philipp Grubauer without a rebound.
9:26 of 2nd period - Mike Zigomanis wins face-off versus David Desharnais in Rafales zone.
9:35 of 2nd period - Slapshot by Cody McLeod.
9:35 of 2nd period - Shot Blocked by Jordan Caron.
9:51 of 2nd period - Michael Bournival is hit by Tyler Pitlick and loses puck.
9:59 of 2nd period - Icing by Lars Eller.
10:00 of 2nd period - Mike Zigomanis wins face-off versus Lars Eller in Staline zone.
10:19 of 2nd period - Slapshot by Dustin Kohn.
10:19 of 2nd period - Stopped by Philipp Grubauer without a rebound.
10:20 of 2nd period - Kevin Veilleux wins face-off versus David Desharnais in Rafales zone.
10:35 of 2nd period - Michael Bournival is hit by Jordan Caron and loses puck.
11:12 of 2nd period - Snap shot by Brock Nelson.
11:12 of 2nd period - Shot Misses the Net.
11:14 of 2nd period - Wrist shot by Tim Crowder.
11:14 of 2nd period - Shot Misses the Net.
11:16 of 2nd period - Snap shot by Tim Crowder.
11:16 of 2nd period - Shot Blocked by Viktor Loov.
11:55 of 2nd period - Icing by Matt Gilroy.
11:56 of 2nd period - Lars Eller wins face-off versus Kevin Veilleux in Rafales zone.
11:59 of 2nd period - Wrist shot by Lars Eller.
11:59 of 2nd period - Stopped by Philipp Grubauer with a rebound.
12:01 of 2nd period - Snap shot by Dustin Kohn.
12:01 of 2nd period - Stopped by Philipp Grubauer with a rebound.
12:03 of 2nd period - Wrist shot by Lars Eller.
12:03 of 2nd period - Shot Misses the Net.
12:05 of 2nd period - Slapshot by Brandon Burlon.
12:05 of 2nd period - Shot Misses the Net.
12:18 of 2nd period - Icing by Marc-André Gragnani.
12:19 of 2nd period - Mike Zigomanis wins face-off versus David Desharnais in Rafales zone.
12:32 of 2nd period - Slapshot by Mike Zigomanis.
12:32 of 2nd period - Stopped by Allen York with a rebound.
12:34 of 2nd period - Snap shot by Mike Zigomanis.
12:34 of 2nd period - Stopped by Allen York with a rebound.
12:52 of 2nd period - Wrist shot by Petr Kalus.
12:52 of 2nd period - Goal by Petr Kalus - Rafales : 3 - Staline : 1.
12:53 of 2nd period - Mike Zigomanis wins face-off versus Lars Eller in neutral zone.
13:20 of 2nd period - Dustin Kohn is hit by James Marcou.
13:29 of 2nd period - Off-side.
13:30 of 2nd period - Mike Zigomanis wins face-off versus James Sheppard in neutral zone.
13:33 of 2nd period - Viktor Loov is hit by Milan Bartovic.
14:03 of 2nd period - Snap shot by Brock Nelson.
14:03 of 2nd period - Shot Misses the Net.
14:19 of 2nd period - Slapshot by Philip Larsen.
14:19 of 2nd period - Stopped by Philipp Grubauer with a rebound.
14:21 of 2nd period - Snap shot by Marek Zagrapan.
14:21 of 2nd period - Shot Misses the Net.
14:23 of 2nd period - Slapshot by Danny Kristo.
14:23 of 2nd period - Stopped by Philipp Grubauer with a rebound.
14:25 of 2nd period - Wrist shot by Danny Kristo.
14:25 of 2nd period - Shot Misses the Net.
14:42 of 2nd period - Minor Penalty to Dustin Kohn for Hooking.
14:43 of 2nd period - Mike Zigomanis wins face-off versus Lars Eller in Staline zone.
14:48 of 2nd period - Snap shot by Mike Zigomanis.
14:48 of 2nd period - Shot Blocked by Andrey Pedan.
14:50 of 2nd period - Snap shot by Marc-André Gragnani.
14:50 of 2nd period - Shot Blocked by David Desharnais.
14:52 of 2nd period - Slapshot by Marc-André Gragnani.
14:52 of 2nd period - Shot Misses the Net.
14:58 of 2nd period - Snap shot by Mike Zigomanis.
14:58 of 2nd period - Stopped by Allen York without a rebound.
14:59 of 2nd period - Lars Eller wins face-off versus Mike Zigomanis in Staline zone.
15:10 of 2nd period - Slapshot by Cody McLeod.
15:10 of 2nd period - Deflect By Mike Zigomanis.
15:10 of 2nd period - Stopped by Allen York without a rebound.
15:11 of 2nd period - David Desharnais wins face-off versus Mike Zigomanis in Staline zone.
15:36 of 2nd period - Brandon Burlon is hit by Nathan Davis and loses puck.
16:13 of 2nd period - Viktor Loov is hit by Mike Zigomanis.
16:17 of 2nd period - Milan Bartovic is hit by Tyler Pitlick and loses puck.
16:42 of 2nd period - Penalty to Dustin Kohn is over, Dustin Kohn is back on ice.
16:49 of 2nd period - Danny Kristo is hit by Kevin Veilleux and loses puck.
16:54 of 2nd period - Snap shot by Michael Bournival.
16:54 of 2nd period - Shot Misses the Net.
16:56 of 2nd period - Snap shot by James Marcou.
16:56 of 2nd period - Stopped by Allen York without a rebound.
16:57 of 2nd period - Michael Bournival wins face-off versus Marek Zagrapan in Staline zone.
17:22 of 2nd period - Carl Klingberg is hit by Tyler Pitlick and loses puck.
17:43 of 2nd period - Slapshot by Nathan Davis.
17:43 of 2nd period - Shot Blocked by Andrey Pedan.
18:21 of 2nd period - James Marcou is hit by Bryan Bickell and loses puck.
18:50 of 2nd period - Snap shot by Carl Klingberg.
18:50 of 2nd period - Stopped by Allen York with a rebound.
19:23 of 2nd period - Off-side.
19:24 of 2nd period - Mike Zigomanis wins face-off versus Marek Zagrapan in neutral zone.
19:27 of 2nd period - Wrist shot by Mark Fayne.
19:27 of 2nd period - Shot Blocked by Dustin Kohn.
19:29 of 2nd period - Slapshot by Mike Zigomanis.
19:29 of 2nd period - Stopped by Allen York with a rebound.
19:31 of 2nd period - Slapshot by Connor Murphy.
19:31 of 2nd period - Stopped by Allen York without a rebound.
19:32 of 2nd period - Mike Zigomanis wins face-off versus Lars Eller in Staline zone.
19:33 of 2nd period - Snap shot by Milan Bartovic.
19:33 of 2nd period - Stopped by Allen York with a rebound.
19:35 of 2nd period - Minor Penalty to Dustin Kohn for High sticking.
19:36 of 2nd period - Mike Zigomanis wins face-off versus Lars Eller in Staline zone.
19:45 of 2nd period - Wrist shot by Cody McLeod.
19:45 of 2nd period - Stopped by Allen York with a rebound.
19:47 of 2nd period - Slapshot by Milan Bartovic.
19:47 of 2nd period - Shot Misses the Net.
19:49 of 2nd period - Snap shot by Mike Zigomanis.
19:49 of 2nd period - Goal by Mike Zigomanis - Rafales : 4 - Staline : 1.
19:50 of 2nd period - Mike Zigomanis wins face-off versus Jeff Skinner in neutral zone.
Goals for this period are 3 for Rafales vs 0 for Staline.
Shots for this period are 13 for Rafales vs 10 for Staline.
3rd period
0:01 of 3rd period - Mike Zigomanis wins face-off versus Lars Eller in neutral zone.
0:26 of 3rd period - Brock Nelson is hit by James Sheppard and loses puck.
0:53 of 3rd period - Petr Kalus is hit by David Desharnais and loses puck.
1:10 of 3rd period - Slapshot by David Desharnais.
1:10 of 3rd period - Goal by David Desharnais - Rafales : 4 - Staline : 2.
1:11 of 3rd period - Milan Bartovic wins face-off versus Lars Eller in neutral zone.
1:15 of 3rd period - Minor Penalty to Milan Bartovic for Goalie Interference.
1:16 of 3rd period - Lars Eller wins face-off versus Mike Zigomanis in Rafales zone.
3:15 of 3rd period - Penalty to Milan Bartovic is over, Milan Bartovic is back on ice.
3:24 of 3rd period - Off-side.
3:25 of 3rd period - Kevin Veilleux wins face-off versus Marek Zagrapan in neutral zone.
3:36 of 3rd period - Slapshot by Danny Kristo.
3:36 of 3rd period - Shot Misses the Net.
3:38 of 3rd period - Wrist shot by Danny Kristo.
3:38 of 3rd period - Shot Misses the Net.
3:40 of 3rd period - Snap shot by Bryan Bickell.
3:40 of 3rd period - Shot Misses the Net.
5:34 of 3rd period - Snap shot by Corey Trivino.
5:34 of 3rd period - Shot Misses the Net.
5:42 of 3rd period - Snap shot by Corey Trivino.
5:42 of 3rd period - Shot Misses the Net.
6:03 of 3rd period - Minor Penalty to David Desharnais for Hooking.
6:04 of 3rd period - Lars Eller wins face-off versus Mike Zigomanis in Staline zone.
8:03 of 3rd period - Penalty to David Desharnais is over, David Desharnais is back on ice.
8:17 of 3rd period - Wrist shot by Jiri Sekac.
8:17 of 3rd period - Shot Misses the Net.
8:19 of 3rd period - Slapshot by Andrey Pedan.
8:19 of 3rd period - Deflect By Corey Trivino.
8:19 of 3rd period - Shot Blocked by Marc-André Gragnani.
8:19 of 3rd period - Puck is out of play.
8:20 of 3rd period - Kevin Veilleux wins face-off versus David Desharnais in Rafales zone.
8:31 of 3rd period - Snap shot by David Desharnais.
8:31 of 3rd period - Shot Blocked by James Marcou.
8:37 of 3rd period - Kevin Veilleux is hit by David Desharnais and loses puck.
9:01 of 3rd period - Snap shot by Carl Klingberg.
9:01 of 3rd period - Shot Misses the Net.
9:19 of 3rd period - Wrist shot by Petr Kalus.
9:19 of 3rd period - Stopped by Allen York with a rebound.
9:35 of 3rd period - Backhand shot by Tyler Pitlick.
9:35 of 3rd period - Shot Misses the Net.
9:37 of 3rd period - Snap shot by Jeff Skinner.
9:37 of 3rd period - Stopped by Philipp Grubauer without a rebound.
9:38 of 3rd period - David Desharnais wins face-off versus Mike Zigomanis in Rafales zone.
10:10 of 3rd period - Slapshot by Mike Reilly.
10:10 of 3rd period - Deflect By Nathan Davis.
10:10 of 3rd period - Stopped by Philipp Grubauer without a rebound.
10:11 of 3rd period - Marek Zagrapan wins face-off versus Nathan Davis in Rafales zone.
10:16 of 3rd period - Backhand shot by Danny Kristo.
10:16 of 3rd period - Shot Misses the Net.
10:18 of 3rd period - Slapshot by Mike Reilly.
10:18 of 3rd period - Stopped by Philipp Grubauer with a rebound.
10:20 of 3rd period - Slapshot by Andrey Pedan.
10:20 of 3rd period - Shot Blocked by Brock Nelson.
10:22 of 3rd period - Snap shot by Mike Reilly.
10:22 of 3rd period - Stopped by Philipp Grubauer with a rebound.
10:24 of 3rd period - Snap shot by Marek Zagrapan.
10:24 of 3rd period - Shot Misses the Net.
10:26 of 3rd period - Snap shot by Danny Kristo.
10:26 of 3rd period - Shot Blocked by Connor Murphy.
10:38 of 3rd period - David Desharnais is hit by Cody McLeod and loses puck.
11:44 of 3rd period - Snap shot by Marek Zagrapan.
11:44 of 3rd period - Deflect By Danny Kristo.
11:44 of 3rd period - Stopped by Philipp Grubauer with a rebound.
11:46 of 3rd period - Snap shot by Dustin Kohn.
11:46 of 3rd period - Goal by Dustin Kohn - Rafales : 4 - Staline : 3.
11:47 of 3rd period - Mike Zigomanis wins face-off versus Lars Eller in neutral zone.
11:47 of 3rd period - Mike Zigomanis is hit by Brandon Burlon.
11:55 of 3rd period - Snap shot by Mike Zigomanis.
11:55 of 3rd period - Deflect By Cody McLeod.
11:55 of 3rd period - Shot Misses the Net.
11:55 of 3rd period - Puck is out of play.
11:56 of 3rd period - Lars Eller wins face-off versus Mike Zigomanis in Staline zone.
12:08 of 3rd period - Wrist shot by Mike Zigomanis.
12:08 of 3rd period - Stopped by Allen York with a rebound.
12:10 of 3rd period - Slapshot by Milan Bartovic.
12:10 of 3rd period - Stopped by Allen York with a rebound.
12:12 of 3rd period - Snap shot by Milan Bartovic.
12:12 of 3rd period - Shot Blocked by Dustin Kohn.
12:14 of 3rd period - Slapshot by Mark Fayne.
12:14 of 3rd period - Shot Misses the Net.
12:16 of 3rd period - Snap shot by Milan Bartovic.
12:16 of 3rd period - Shot Misses the Net.
12:18 of 3rd period - Slapshot by Connor Murphy.
12:18 of 3rd period - Stopped by Allen York with a rebound.
12:20 of 3rd period - Snap shot by Milan Bartovic.
12:20 of 3rd period - Goal by Milan Bartovic - Rafales : 5 - Staline : 3.
12:21 of 3rd period - Mike Zigomanis wins face-off versus Lars Eller in neutral zone.
12:46 of 3rd period - Brandon Burlon is hit by Tim Crowder and loses puck.
13:41 of 3rd period - Snap shot by Carl Klingberg.
13:41 of 3rd period - Stopped by Allen York with a rebound.
14:01 of 3rd period - Wrist shot by Mike Zigomanis.
14:01 of 3rd period - Stopped by Allen York without a rebound.
14:02 of 3rd period - Cody McLeod wins face-off versus Lars Eller in Staline zone.
14:14 of 3rd period - Off-side.
14:15 of 3rd period - Mike Zigomanis wins face-off versus Lars Eller in neutral zone.
14:20 of 3rd period - Slapshot by Marc-André Gragnani.
14:20 of 3rd period - Stopped by Allen York with a rebound.
14:23 of 3rd period - Icing by Jeff Skinner.
14:24 of 3rd period - Mike Zigomanis wins face-off versus Lars Eller in Staline zone.
14:25 of 3rd period - Slapshot by Cody McLeod.
14:25 of 3rd period - Stopped by Allen York with a rebound.
14:31 of 3rd period - Slapshot by Philip Larsen.
14:31 of 3rd period - Stopped by Philipp Grubauer with a rebound.
14:33 of 3rd period - Backhand shot by Viktor Loov.
14:33 of 3rd period - Deflect By Cody McLeod.
14:33 of 3rd period - Stopped by Philipp Grubauer with a rebound.
14:35 of 3rd period - Snap shot by Tyler Pitlick.
14:35 of 3rd period - Shot Misses the Net.
14:37 of 3rd period - Slapshot by Viktor Loov.
14:37 of 3rd period - Stopped by Philipp Grubauer with a rebound.
14:47 of 3rd period - Snap shot by Lars Eller.
14:47 of 3rd period - Stopped by Philipp Grubauer with a rebound.
14:49 of 3rd period - Slapshot by Philip Larsen.
14:49 of 3rd period - Stopped by Philipp Grubauer with a rebound.
14:51 of 3rd period - Slapshot by Viktor Loov.
14:51 of 3rd period - Stopped by Philipp Grubauer with a rebound.
14:53 of 3rd period - Backhand shot by Tyler Pitlick.
14:53 of 3rd period - Goal by Tyler Pitlick - Rafales : 5 - Staline : 4.
14:54 of 3rd period - Mike Zigomanis wins face-off versus Lars Eller in neutral zone.
15:06 of 3rd period - Wrist shot by Cody McLeod.
15:06 of 3rd period - Shot Misses the Net.
15:08 of 3rd period - Snap shot by Milan Bartovic.
15:08 of 3rd period - Shot Blocked by Lars Eller.
15:10 of 3rd period - Slapshot by Marc-André Gragnani.
15:10 of 3rd period - Shot Blocked by Dustin Kohn.
15:17 of 3rd period - Icing by Brandon Burlon.
15:18 of 3rd period - Marek Zagrapan wins face-off versus Kevin Veilleux in Staline zone.
15:27 of 3rd period - Wrist shot by Danny Kristo.
15:27 of 3rd period - Stopped by Philipp Grubauer with a rebound.
15:33 of 3rd period - Bryan Bickell is hit by Mark Fayne and loses puck.
15:50 of 3rd period - Slapshot by Dustin Kohn.
15:50 of 3rd period - Shot Blocked by Mark Fayne.
16:07 of 3rd period - Minor Penalty to Viktor Loov for Slashing.
16:08 of 3rd period - Mike Zigomanis wins face-off versus Lars Eller in Staline zone.
17:07 of 3rd period - Wrist shot by Marc-André Gragnani.
17:07 of 3rd period - Shot Misses the Net.
17:09 of 3rd period - Slapshot by Mike Zigomanis.
17:09 of 3rd period - Shot Misses the Net.
18:07 of 3rd period - Penalty to Viktor Loov is over, Viktor Loov is back on ice.
19:14 of 3rd period - Staline, Allen York is pulled from the net.
19:14 of 3rd period - Slapshot by Dustin Kohn.
19:14 of 3rd period - Stopped by Philipp Grubauer with a rebound.
19:16 of 3rd period - Wrist shot by Peter Holland.
19:16 of 3rd period - Stopped by Philipp Grubauer without a rebound.
19:17 of 3rd period - Guy Carbonneau call a timeout for Staline.
19:17 of 3rd period - Peter Holland wins face-off versus Petr Kalus in Rafales zone.
19:25 of 3rd period - Minor Penalty to Dustin Kohn for Hooking.
19:26 of 3rd period - Allen York from Staline was sent back in the game.
19:26 of 3rd period - Brock Nelson wins face-off versus Lars Eller in Staline zone.
19:33 of 3rd period - Snap shot by Nathan Davis.
19:33 of 3rd period - Shot Misses the Net.
19:57 of 3rd period - Off-side.
19:58 of 3rd period - Mike Zigomanis wins face-off versus Tyler Pitlick in neutral zone.
Goals for this period are 1 for Rafales vs 3 for Staline.
Shots for this period are 9 for Rafales vs 17 for Staline.
Back to the Top